AoeStats
← 知耻而后勇喜笑颜开

Arabia

509753479Analyzed
1v1 RM · 4d ago on Sep 27, 2026· 70m 11s· 2 players
Game mode
Random Map
Map size
Tiny (2 player)
Population
200
Speed
Normal
Resources
Standard
Victory
Conquest
Starting age
Dark Age
Ending age
Imperial Age
RankedLock teamsTeams togetherTeam positionsShared explorationLock speedFull tech treeHidden civsTurbo modeCheats
Victory
Defeat
🇲🇽 Sicilians · Mexico
1380
+18
1432
-18
alder0483
6:02 Loom
8:41 Feudal Age
9:21 Double-Bit Axe
17:04 Wheelbarrow
19:52 Castle Age
18:52 Horse Collar
19:27 Bloodlines
19:34 Gold Mining
19:50 Scale Barding Armor
19:55 Forging
21:38 Bow Saw
23:15 Chain Barding Armor
26:31 Gold Shaft Mining
32:52 Devotion
33:28 Iron Casting
33:22 Husbandry
38:27 Stone Mining
46:08 Imperial Age
45:45 Scale Mail Armor
48:20 Hand Cart
47:51 Town Watch
47:34 Cavalier
50:58 Plate Barding Armor
51:23 Blast Furnace
51:11 Conscription
51:00 Elite Serjeant
52:18 Chain Mail Armor
53:48 Light Cavalry
59:00 Plate Mail Armor
58:24 Fletching
58:34 Padded Archer Armor
59:26 Conscription
62:03 Bodkin Arrow
62:23 Leather Archer Armor
67:46 Squires
67:31 Arson
70:59 First Crusade
知耻而后勇喜笑颜开
8:56 Feudal Age
9:22 Loom
9:22 Town Watch
9:24 Double-Bit Axe
10:16 Horse Collar
11:22 Wheelbarrow
15:14 Fishing Lines
20:35 Castle Age
19:19 Forging
19:43 Scale Barding Armor
20:54 Scale Mail Armor
21:40 Bow Saw
21:30 Heavy Plow
22:45 Squires
23:59 Fletching
24:27 Chain Mail Armor
26:06 Iron Casting
26:01 Fervor
28:06 Fletching
32:57 Treadmill Crane
37:14 Hand Cart
36:58 Murder Holes
36:48 Pikeman
38:58 Bodkin Arrow
40:00 Ballistics
46:02 Imperial Age
44:07 Gold Mining
44:16 Stone Mining
45:11 Chain Barding Armor
45:42 Devotion
46:19 Bloodlines
46:09 Husbandry
47:22 Stone Shaft Mining
46:56 Bracer
47:58 Chemistry
47:45 Conscription
48:55 Blast Furnace
50:04 Halberdier
51:11 Vendel Legacy
54:06 Guilds
55:06 Plate Barding Armor
55:00 Masonry
57:30 Gothikon
59:35 Guard Tower
61:11 Plate Mail Armor
61:40 Architecture
66:22 Cavalier
68:50 Light Cavalry
Connection lost

Rejoining the realm…

Still unreachable

The connection could not be restored.

Session expired

The server has moved on; the page needs a fresh start.